 Dungeon Crawl Stone Soup version 0.13.1-36-g052d4d5 (webtiles) character file.

142 RepoMan the Gusty (level 3, -2/24 HPs)
             Began as a Mummy Air Elementalist on Mar 26, 2014.
             Slain by an adder (3 damage)
             ... on Level 2 of the Dungeon.
             The game lasted 00:12:38 (1683 turns).

RepoMan the Gusty (Mummy Air Elementalist)          Turns: 1683, Time: 00:12:38

HP  -2/24        AC  2     Str 11      XL: 3   Next: 80%
MP   1/6         EV 12     Int 15      God:
Gold 82          SH  0     Dex 12      Spells:  2 memorised,  2 levels left

Res.Fire  : x . .   See Invis. : .   (no weapon)
Res.Cold  : + . .   Warding    : .   a - +0 robe
Life Prot.: + + +   Conserve   : .   (no shield)
Res.Poison: +       Res.Corr.  : .   (no helmet)
Res.Elec. : .       Clarity    : .   (no cloak)
Sust.Abil.: . .     Spirit.Shd : .   (no gloves)
Res.Mut.  : .       Stasis     : .   (no boots)
Res.Rott. : +       Flight     : .   (no amulet)
Saprovore : . . .                    (no ring)
                                     (no ring)

@: very slightly contaminated, slightly resistant to hostile enchantments,
unstealthy
A: no food or potions, fire vulnerability, restore body, cold resistance 1, life
protection 3, poison resistance, torment resistance, unbreathing
a: no special abilities


You were on level 2 of the Dungeon.
You were not hungry.

You visited 1 branch of the dungeon, and saw 2 of its levels.

You collected 62 gold pieces.

Inventory:

Armour
 a - a +0 robe (worn)
Scrolls
 c - 2 scrolls of identify {unknown}
 d - a scroll of remove curse {unknown}
 e - 2 scrolls of teleportation {unknown}
 g - a scroll of fog {unknown}
 h - a scroll of magic mapping {unknown}
Jewellery
 f - a +3 ring of strength {unknown}
Books
 b - a book of Air

   Spells                             Type                      Level
   *Shock                             Conjuration/Air              1
   *Swiftness                         Charms/Air                   2
   Repel Missiles                     Charms/Air                   2
   Flight                             Charms/Air                   3
   Static Discharge                   Conjuration/Air              3
   Lightning Bolt                     Conjuration/Air              5


   Skills:
 + Level 2.0 Dodging
 - Level 1.5 Stealth
 + Level 1.5 Spellcasting
 + Level 0.8 Conjurations
 * Level 3.4 Air Magic


You had 2 spell levels left.
You knew the following spells:

 Your Spells              Type           Power        Failure   Level  Hunger
a - Shock                 Conj/Air       #...         12%         1    N/A
b - Swiftness             Chrm/Air       #.........   17%         2    N/A

Dungeon Overview and Level Annotations

Branches:
Dungeon (2/27)

Altars:


Innate Abilities, Weirdness & Mutations

You do not eat or drink.
Your flesh is vulnerable to fire.
Your flesh is cold resistant.
You are immune to negative energy.
Your system is resistant to poisons.
You are immune to unholy pain and torment.
You can survive without breathing.


Message History

You miscast Swiftness.
You are very lightly contaminated with residual magic.
The air around you crackles with energy!
The adder barely misses you.
Casting: Swiftness
Confirm with . or Enter, or press ? or * to list all spells.
Aiming: Shock
Press: ? - help, Shift-Dir - straight line, f/p - adder
Aim: an adder (moderately wounded)
The zap hits the adder.
The adder is heavily wounded.
The adder closely misses you.
Casting: Shock
Confirm with . or Enter, or press ? or * to list all spells.
Aiming: Shock
Press: ? - help, Shift-Dir - straight line, f/p - adder
Aim: an adder (heavily wounded)
You miscast Shock.
Wisps of vapour drift from your hands. The adder misses you.
The adder bites you.
You die...

..####..#.# #.# #..#........# ..#
#..#.# #.# #..#........# ..#
#..#.# #.# ..#........# ..#
#..#.# #.# ..#........# ..#
#.%#.# #.######..#........# ..#
#..#.###.##......#........##
..####..#........................
...............S.%....#........##
..###......##.##@.....####..#.###
...............PPPPP.............
..###..........P$$$P..........###
..###......##.#P$$$P...........
#.#.....#####.#P$$$P...## ..###
.....).........PPPPP.... .
>.#.....#####.######### #
..#......... . ..#.....####


You could see an adder.

Vanquished Creatures
  2 adders (D:2)
  A giant mite (D:2)
  2 giant geckos
  2 giant cockroaches
  5 hobgoblins
  A quokka (D:2)
  2 bats
  A giant newt (D:1)
  9 goblins
  3 kobolds
  4 rats
32 creatures vanquished.

Notes
Turn   | Place    | Note
--------------------------------------------------------------
     0 | D:1      | RepoMan, the Mummy Air Elementalist, began the quest for the Orb.
     0 | D:1      | Reached XP level 1. HP: 13/13 MP: 3/3
   482 | D:1      | Reached XP level 2. HP: 19/19 MP: 1/4
   770 | D:1      | Learned a level 2 spell: Swiftness
  1093 | D:2      | Reached skill level 3 in Air Magic
  1183 | D:2      | Reached XP level 3. HP: 20/24 MP: 1/6
  1680 | D:2      | HP: 1/24 [adder (2)]
  1683 | D:2      | Slain by an adder

Action                   || total
-------------------------++-------
Melee: Unarmed           ||   149
 Cast: Shock             ||    56
 Stab: Sleeping          ||     2
